 Dungeon Crawl Stone Soup version 0.22.1-2-g9c5b331 (webtiles) character file.

744 magicm the Chucker (level 7, -2/66 HPs)
             Began as a Troll Hunter on Nov 15, 2018.
             Slain by Prince Ribbit (17 damage)
             ... on level 5 of the Dungeon.
             The game lasted 00:16:50 (3395 turns).

magicm the Chucker (Troll Hunter)                   Turns: 3395, Time: 00:16:51

Health: -2/66      AC:  5    Str: 21    XL:     7   Next: 47%
Magic:  6/6        EV: 10    Int:  9    God:
Gold:   385        SH:  0    Dex: 10    Spells: 6/6 levels left

rFire    . . .     SeeInvis .   i - +0 mace (crush)
rCold    . . .     Gourm    +   (no shield)
rNeg     . . .     Faith    .   b - +0 robe
rPois    .         Spirit   .   (helmet restricted)
rElec    .         Reflect  .   (no cloak)
rCorr    .         Harm     .   (gloves unavailable)
MR       .....                  (boots unavailable)
Stlth    +.........             (no amulet)
HPRegen  0.61/turn              (no ring)
MPRegen  0.10/turn              (no ring)

@: no status effects
A: large, unfitting armour, claws 3, fast metabolism 3, gourmand, regeneration
1, shaggy fur 1, tough skin 2
a: no special abilities


You were on level 5 of the Dungeon.
You were not hungry.

You visited 1 branch of the dungeon, and saw 5 of its levels.

You collected 385 gold pieces.

Inventory:

Hand Weapons
 a - a +1 short sword
 i - a +0 mace of crushing (weapon)
 p - a +0 dagger of speed
Missiles
 h - 144 stones (quivered)
Armour
 b - a +0 robe (worn)
Magical Staves
 t - an uncursed staff of fire {unknown}
 u - an uncursed staff of poison {unknown}
Jewellery
 c - an uncursed ring of wizardry {unknown}
 s - an uncursed ring of wizardry {unknown}
Wands
 v - a wand of clouds (4)
Scrolls
 e - 6 scrolls of teleportation
 r - a scroll of magic mapping
 w - a scroll of fog
Potions
 d - 3 potions of curing
 g - 3 potions of might
 j - 2 potions of heal wounds {unknown}
 k - 3 potions of agility {unknown}
 l - a potion of lignification {unknown}
 m - a potion of haste {unknown}
 n - a potion of cancellation {unknown}
 o - 5 potions of magic {unknown}
 q - 2 potions of brilliance {unknown}
Comestibles
 f - 4 rations


   Skills:
 + Level 2.9 Fighting
 + Level 0.6 Short Blades
 + Level 1.6 Maces & Flails
   Level 1.6 Polearms
 + Level 6.3 Throwing
 + Level 3.0 Dodging
 + Level 1.3 Stealth


You had 6 spell levels left.
You didn't know any spells.
Your spell library was empty.

Dungeon Overview and Level Annotations

Branches:
Dungeon (5/15)             Temple (0/1) D:5

Altars:
Ashenzari
Dithmenos
Nemelex Xobeh
Uskayaw
Wu Jian
Yredelemnul

Annotations:
D:5 Prince Ribbit


Innate Abilities, Weirdness & Mutations

You are too large for most types of armour.
You have claws for hands.
Your metabolism is lightning-fast.
You like to eat raw meat.
Your natural rate of healing is unusually fast.
You are covered in fur. (AC +1)
You have very tough skin. (AC +2)


Message History

You throw a large rock.
The large rock barely misses Prince Ribbit.
You hit Prince Ribbit but do no damage.
Prince Ribbit hits you but does no damage.
Prince Ribbit closely misses you.
You completely miss Prince Ribbit. Prince Ribbit hits you!
Prince Ribbit hits you.
You barely miss Prince Ribbit. Prince Ribbit hits you.
Prince Ribbit misses you.
You closely miss Prince Ribbit. Prince Ribbit barely misses you.
Prince Ribbit hits you!
* * * LOW HITPOINT WARNING * * *
You hit Prince Ribbit.
Prince Ribbit is lightly wounded.
Prince Ribbit hits you.
* * * LOW HITPOINT WARNING * * *
You feel better.
Prince Ribbit croaks regally.
Prince Ribbit hits you!
You die...

..# #.................
.>#######.......(.........
####...................###
.................#######
####.....##..........###
.........####...........
............#...........
..........#.#...F.......
..........# #...@......(
....##.##...#...###.....
....##.# ##.#(### .....
#......# .#...# ....
#......########^#
#......#........#
#......#.#.######
#......#.#.#
####...#.#.####


You could see Prince Ribbit.

Vanquished Creatures
  Grinder (D:3)
  An ogre (D:5)
  A scorpion (D:5)
  A howler monkey (D:5)
  A jelly (D:2)
  A hound (D:4)
  An orc priest (D:3)
  A bullfrog skeleton (D:4)
  An orc wizard (D:3)
  Jessica (D:2)
  2 iguanas (D:4)
  A worker ant (D:4)
  Robin (D:2)
  3 adders
  A shadow imp (D:5)
  An ooze (D:1)
  5 worms
  A dart slug (D:5)
  3 leopard geckos (D:2)
  4 orcs
  3 bats
  3 giant cockroaches
  18 goblins
  4 hobgoblins (D:1)
  6 kobolds
  4 quokkas
  2 ball pythons
  3 frilled lizards
  6 rats
81 creatures vanquished.

Vanquished Creatures (others)
  A leopard gecko (D:3)
  8 fungi (D:4)
9 creatures vanquished.

Grand Total: 90 creatures vanquished

Notes
Turn   | Place    | Note
-------+----------+-------------------------------------------
     0 | D:1      | magicm the Troll Hunter began the quest for the Orb.
     0 | D:1      | Reached XP level 1. HP: 19/19 MP: 0/0
   147 | D:1      | Reached skill level 4 in Throwing
   147 | D:1      | Reached XP level 2. HP: 27/27 MP: 1/1
   820 | D:2      | Reached XP level 3. HP: 35/35 MP: 2/2
   935 | D:2      | Reached XP level 4. HP: 42/42 MP: 3/3
  1028 | D:2      | Noticed Jessica
  1030 | D:2      | Killed Jessica
  1149 | D:2      | Reached skill level 5 in Throwing
  1181 | D:2      | Found an ornate altar of the Wu Jian Council.
  1256 | D:2      | Noticed Robin
  1272 | D:2      | Killed Robin
  1414 | D:2      | Reached XP level 5. HP: 49/49 MP: 4/4
  1429 | D:2      | Found a basalt altar of Yredelemnul.
  1442 | D:2      | Found a shattered altar of Ashenzari.
  1748 | D:3      | Noticed Grinder
  1755 | D:3      | Paralysed by Grinder for 2 turns
  1778 | D:3      | HP: 1/49 [Grinder/nerve-wracking pain (14)]
  1780 | D:3      | Killed Grinder
  1780 | D:3      | Reached skill level 1 in Polearms
  1780 | D:3      | Reached skill level 1 in Stealth
  1780 | D:3      | Reached XP level 6. HP: 2/57 MP: 5/5
  1951 | D:3      | Found a sparkling altar of Nemelex Xobeh.
  2133 | D:3      | Noticed a hand axe
  2133 | D:3      | Noticed a dagger
  2134 | D:3      | Found a hide-covered altar of Uskayaw.
  2510 | D:4      | Reached skill level 6 in Throwing
  2531 | D:4      | Reached XP level 7. HP: 66/66 MP: 6/6
  2849 | D:4      | Reached skill level 1 in Maces & Flails
  3080 | D:5      | Entered Level 5 of the Dungeon
  3226 | D:5      | Found a staircase to the Ecumenical Temple.
  3269 | D:5      | Found a shadowy altar of Dithmenos.
  3385 | D:5      | Noticed Prince Ribbit
  3395 | D:5      | Slain by Prince Ribbit

Skill      XL: |  1  2  3  4  5  6  7 |
---------------+----------------------+-----
Throwing       | 4 5 6 |  6.3
Fighting       | 2 |  2.9
Polearms       | 1 |  1.6
Dodging        | 2 3 |  3.0
Stealth        | 1 |  1.3
Maces & Flails | 1 |  1.6
Short Blades   | |  0.6

Action                   |  1- 3 |  4- 6 |  7- 9 || total
-------------------------+-------+-------+-------++-------
Melee: Short sword       |    10 |       |       ||    10
       Spear             |    14 |    77 |       ||    91
       Mace              |       |    50 |    28 ||    78
Throw: Large rock        |    38 |    46 |    18 ||   102
       Throwing net      |       |     3 |       ||     3
       Stone             |       |     2 |     3 ||     5
  Use: Scroll            |     5 |     4 |       ||     9
       Potion            |       |     1 |     1 ||     2
 Stab: Sleeping          |     1 |       |       ||     1
       Held in net/web   |       |     3 |       ||     3
  Eat: Ration            |     2 |     5 |     2 ||     9
Armor: Robe              |     9 |    61 |     5 ||    75
Dodge: Dodged            |    16 |    65 |    16 ||    97
